AoeStats
← avianspyder

Arena

509710629Analyzed
1v1 RM · 5d ago on Sep 27, 2026· 45m 18s· 2 players
Game mode
Random Map
Map size
Tiny (2 player)
Population
200
Speed
Normal
Resources
Standard
Victory
Conquest
Starting age
Dark Age
Ending age
Imperial Age
RankedLock teamsTeams togetherTeam positionsShared explorationLock speedFull tech treeHidden civsTurbo modeCheats
Victory
Defeat
🇨🇦 Lithuanians · Canada
766
+16
🇺🇸 Huns · United States
770
-16
DingZ
11:22 Feudal Age
15:42 Castle Age
15:43 Scale Barding Armor
15:55 Double-Bit Axe
19:54 Wheelbarrow
20:07 Forging
20:07 Pikeman
24:18 Elite Skirmisher
27:12 Iron Casting
27:13 Bloodlines
27:44 Bow Saw
27:17 Horse Collar
27:55 Stone Mining
30:09 Hand Cart
29:49 Fletching
31:11 Gold Mining
31:24 Heavy Plow
31:27 Scale Mail Armor
35:35 Chain Barding Armor
38:33 Imperial Age
36:58 Ballistics
37:32 Bodkin Arrow
37:48 Husbandry
38:47 Masonry
39:11 Cavalier
39:13 Halberdier
40:56 Plate Barding Armor
40:51 Conscription
42:36 Chemistry
41:03 Capped Ram
45:03 Tower Shields
avianspyder
14:02 Feudal Age
14:35 Horse Collar
14:43 Double-Bit Axe
20:48 Castle Age
19:39 Scale Mail Armor
20:51 Pikeman
22:34 Heavy Plow
24:18 Bloodlines
25:05 Bow Saw
25:31 Husbandry
26:47 Gold Mining
27:32 Fletching
30:32 Wheelbarrow
31:29 Scale Barding Armor
31:25 Padded Archer Armor
31:37 Forging
32:55 Chain Barding Armor
34:09 Hand Cart
37:16 Imperial Age
38:03 Cavalier
39:22 Plate Barding Armor
39:24 Iron Casting
40:31 Paladin
42:34 Blast Furnace
42:01 Atheism
Connection lost

Rejoining the realm…

Still unreachable

The connection could not be restored.

Session expired

The server has moved on; the page needs a fresh start.